 Dungeon Crawl Stone Soup version 0.30-a0-782-ge64f9170bb (webtiles) character file.

Game seed: 7301172215698657725

20806 Leibowitz the Bludgeoner (level 12, -45/113 HPs)
             Began as a Minotaur Berserker on Feb 21, 2023.
             Was a High Priest of Trog.
             Annihilated by an enormous slime creature (58 damage)
             ... on level 13 of the Dungeon.
             The game lasted 00:24:55 (10551 turns).

Leibowitz the Bludgeoner (Minotaur Berserker)      Turns: 10551, Time: 00:24:56

Health: -45/113    AC: 30    Str: 26    XL:     12   Next: 48%
Magic:  21/21      EV: 16    Int:  9    God:    Trog [*****.]
Gold:   1237       SH:  5    Dex: 11    Spells: 11/11 levels left

rFire   . . .      SeeInvis .    a - +2 morningstar
rCold   . . .      Faith    .    (no shield)
rNeg    . . .      Spirit   .    p - +0 storm dragon scales
rPois   .          Reflect  +    P - +3 hat of Pondering {ponderous, Will+ MP+10 Int+5}
rElec   +          Harm     .    J - +2 cloak {Will+}
rCorr   .          Rampage  .    o - +0 pair of gloves
Will    ++...                    v - +2 pair of boots {Stlth+} Stlth
                                 q - amulet of reflection
HPRegen 0.38/turn                i - +5 ring of evasion
MPRegen 0.17/turn                L - +4 ring of protection

@: unable to read, slow
A: horns 2, retaliatory headbutt, inability to read after injury 1
a: Renounce Religion, Berserk, Trog's Hand, Brothers in Arms


You were on level 13 of the Dungeon.
You worshipped Trog.
Trog was extremely pleased with you.
You visited 2 branches of the dungeon, and saw 14 of its levels.

You collected 1237 gold pieces.

Inventory:

Hand Weapons
 a - a +2 morningstar (weapon)
 j - a +0 mace
 E - a +1 antimagic flail
 H - the +6 glaive of Wealth {protect, +Blink rPois rF+ Dex-2}
   (You found it on level 7 of the Dungeon)

   Dex:       It affects your dexterity (-2).
   rF:        It protects you from fire.
   rPois:     It protects you from poison.
   +Blink:    It lets you blink.
 T - a +1 dire flail of draining
Missiles
 t - 15 poisoned darts (quivered)
 D - 4 throwing nets
 S - a curare-tipped dart
Armour
 o - a +0 pair of gloves (worn)
 p - +0 storm dragon scales (worn)
 v - a +2 pair of boots of stealth (worn)
 J - a +2 cloak of willpower (worn)
 P - the +3 hat of Pondering (worn) {ponderous, Will+ MP+10 Int+5}
   (You took it off Gastronok on level 10 of the Dungeon)

   Int:       It affects your intelligence (+5).
   MP:        It affects your magic capacity (+10).
   Will:      It increases your willpower.
Jewellery
 i - a +5 ring of evasion (left hand)
 q - an amulet of reflection (around neck)
 L - a +4 ring of protection (right hand)
Wands
 n - a wand of flame (35)
 I - a wand of roots (3)
Scrolls
 e - a scroll of magic mapping {unknown}
 f - 8 scrolls of teleportation {unknown}
 k - a scroll of brand weapon {unknown}
 l - 4 scrolls of noise {unknown}
 m - 3 scrolls of amnesia {unknown}
 r - a scroll of enchant weapon {unknown}
 u - 4 scrolls of poison {unknown}
 w - 18 scrolls of identify {unknown}
 y - 2 scrolls of silence {unknown}
 z - a scroll of torment {unknown}
 B - a scroll of immolation {unknown}
 C - 2 scrolls of blinking {unknown}
 F - 3 scrolls of fog {unknown}
 N - a scroll of vulnerability {unknown}
Potions
 b - a potion of invisibility {unknown}
 c - 6 potions of might
 d - 2 potions of ambrosia {unknown}
 g - 6 potions of heal wounds {unknown}
 h - 3 potions of flight {unknown}
 s - 6 potions of lignification {unknown}
 x - a potion of berserk rage
 A - 4 potions of magic {unknown}
 G - 5 potions of curing {unknown}
 K - 2 potions of mutation {unknown}
 M - a potion of resistance {unknown}
 O - a potion of attraction {unknown}
 Q - a potion of cancellation {unknown}
 R - 2 potions of haste {unknown}


   Skills:
 * Level 12.4 Fighting
 * Level 15.7 Maces & Flails
 * Level 11.8 Armour
 * Level 8.3 Dodging
 * Level 6.5 Shields


You had 11 spell levels left.
You didn't know any spells.
Your spell library was empty.

Dungeon Overview and Level Annotations

Branches:
Dungeon (13/15)            Temple (1/1) D:5            Lair (0/5) D:9
    Orc (0/2) D:11
 Vaults: D:13-14

Altars:
Ashenzari
Cheibriados
Dithmenos
Elyvilon
Fedhas
Gozag
Hepliaklqana
Kikubaaqudgha
Makhleb
Nemelex Xobeh
Okawaru
Qazlal
Ru
Sif Muna
Trog
Uskayaw
Vehumet
Wu Jian
Xom
Yredelemnul
Zin
The Shining One

Shops:
D:3 (   D:5 (

Annotations:
D:5 2 runed translucent doors, toympanos's ghost, novice HuFi


Innate Abilities, Weirdness & Mutations

You have a pair of horns on your head.
You reflexively headbutt those who attack you in melee.
You occasionally lose the ability to read scrolls when taking damage.


Message History

You impale the enormous slime creature!!
The enormous slime creature is moderately wounded.
You block the enormous slime creature's attack.
You puncture the enormous slime creature!
You headbutt the enormous slime creature!
The enormous slime creature is heavily wounded.
You block the slime creature's attack.
You impale the enormous slime creature!!
The enormous slime creature is heavily wounded.
The enormous slime creature hits you but does no damage.
The slime creature hits you but does no damage.
You hit the enormous slime creature.
The enormous slime creature is heavily wounded.
The enormous slime creature hits you!!!
You feel threatened and lose the ability to read scrolls!
* * * LOW HITPOINT WARNING * * *
The slime creature hits you!
* * * LOW HITPOINT WARNING * * *
You bludgeon the enormous slime creature!!
The enormous slime creature is severely wounded.
The enormous slime creature hits you but does no damage.
You hit the enormous slime creature.
Your headbutt misses the enormous slime creature.
The enormous slime creature is severely wounded.
The slime creature closely misses you.
You bludgeon the enormous slime creature!!
The enormous slime creature is severely wounded.
The enormous slime creature closely misses you.
You furiously retaliate!
You headbutt the enormous slime creature.
The slime creature completely misses you.
You hit the enormous slime creature.
Your headbutt misses the enormous slime creature.
The enormous slime creature is severely wounded.
The enormous slime creature misses you. You block the slime creature's attack.
You sock the enormous slime creature!
The enormous slime creature is almost dead.
The enormous slime creature hits you!!!
Ouch! That really hurt!
You die...

+...+.#.......#.+ #.
##...#####...##### #.
.......#.'...+.#
+#...#'#.#####.#+#
#...#.....#.....#
###'##.....+.:...# ##
..†..#.....#.....# ..#
.#.#.#+#.#####.#J#...#+#
#.#...#.+...'.#@J.....#
#.#.#####...#####...###
##.#.# #.......# ...+
...#.###+#...#+# ###
.#.#.....#...#
.........##'##
##...........#
...####...).##+# ###
#........#


You could see an enormous slime creature and a slime creature.

Vanquished Creatures
  Gastronok (D:10)
  Fannar (D:12)
  A hydra (D:13)
  A two-headed ogre (D:12)
  2 centaur warriors
  Lodul (D:11)
  4 slime creatures (D:12)
  Pikel (D:7)
  A deep elf pyromancer (D:12)
  2 orc sorcerers (D:7)
  2 cyclopes (D:11)
  9 kobold demonologists
  An unseen horror (D:10)
  A komodo dragon (D:11)
  A hornet (D:8)
  2 trolls
  2 wyverns (D:9)
  2 shadows (D:11)
  22 yaks
  A steam dragon (D:8)
  2 wraiths
  4 vampire mosquitoes (D:11)
  Menkaure (D:6)
  Edmund (D:6)
  An acid dragon (D:12)
  2 water moccasins (D:8)
  2 orc warriors
  2 black bears (D:5)
  2 ice beasts
  8 ogres
  A sky beast (D:6)
  A centaur (D:7)
  4 kobold brigands
  4 bullfrogs
  6 scorpions
  2 necrophages
  2 gnoll sergeants
  3 wights (D:8)
  13 killer bees
  5 howler monkeys
  3 jellies (D:5)
  4 hounds
  3 iguanas
  3 orc wizards (D:6)
  Robin (D:3)
  20 gnolls
  10 adders
  A shadow imp (D:6)
  A white imp (D:4)
  3 ufetubi
  A worm (D:5)
  5 dart slugs
  24 orcs
  6 ball pythons
  3 bats
  7 endoplasms
  2 giant cockroaches
  15 goblins
  9 hobgoblins
  3 jackals (D:1)
  3 quokkas
  2 frilled lizards
  9 kobolds
  8 rats
270 creatures vanquished.

Vanquished Creatures (collateral kills)
  A gnoll sergeant (D:7)
1 creature vanquished.

Vanquished Creatures (others)
  A fungus (D:9)
  A plant (D:9)
2 creatures vanquished.

Grand Total: 273 creatures vanquished

Notes
Turn   | Place    | Note
-------+----------+-------------------------------------------
     0 | D:1      | Leibowitz the Minotaur Berserker began the quest for the
                  | Orb.
     0 | D:1      | Reached XP level 1. HP: 19/19 MP: 0/0
   182 | D:1      | Reached skill level 4 in Maces & Flails
   182 | D:1      | Reached XP level 2. HP: 23/27 MP: 1/1
   488 | D:1      | Reached XP level 3. HP: 33/33 MP: 2/2
   625 | D:2      | Found a faded altar of an unknown god.
   793 | D:2      | Reached ** piety under Trog
  1113 | D:2      | Reached XP level 4. HP: 41/41 MP: 1/3
  1545 | D:3      | Found Laacily's Weapon Shoppe.
  1642 | D:3      | Noticed Robin
  1669 | D:3      | Killed Robin
  1670 | D:3      | Reached skill level 5 in Maces & Flails
  2186 | D:4      | Reached XP level 5. HP: 37/47 MP: 1/4
  2377 | D:4      | Reached *** piety under Trog
  2378 | D:4      | Reached skill level 6 in Maces & Flails
  2423 | D:4      | Reached skill level 5 in Fighting
  2426 | D:4      | Reached XP level 6. HP: 54/56 MP: 1/5
  2883 | D:4      | Found a hazy altar of Hepliaklqana.
  2883 | D:4      | Found a snail-covered altar of Cheibriados.
  2954 | D:5      | Entered Level 5 of the Dungeon
  2959 | D:5      | Reached skill level 7 in Maces & Flails
  3268 | D:5      | Found Ampuaxt's Weapon Shoppe.
  3588 | D:5      | Reached XP level 7. HP: 61/61 MP: 2/6
  3634 | D:5      | Reached skill level 8 in Maces & Flails
  3718 | D:5      | Reached skill level 1 in Shields
  3776 | D:5      | Found a large runed translucent door.
  3776 | D:5      | Found a large runed translucent door.
  3779 | D:5      | Noticed toympanos's ghost (novice HuFi)
  3919 | D:5      | Found a staircase to the Ecumenical Temple.
  3930 | Temple   | Entered the Ecumenical Temple
  4549 | D:6      | Reached skill level 9 in Maces & Flails
  4549 | D:6      | Reached XP level 8. HP: 70/70 MP: 2/7
  4590 | D:6      | Reached skill level 5 in Armour
  4593 | D:6      | Reached **** piety under Trog
  4648 | D:6      | Noticed Menkaure
  4660 | D:6      | Killed Menkaure
  4899 | D:6      | Noticed Edmund
  4916 | D:6      | Killed Edmund
  5045 | D:6      | Reached skill level 10 in Maces & Flails
  5543 | D:7      | Noticed Pikel
  5555 | D:7      | Killed Pikel
  5556 | D:7      | Reached skill level 5 in Dodging
  5556 | D:7      | Reached XP level 9. HP: 79/79 MP: 8/8
  5675 | D:7      | Reached skill level 11 in Maces & Flails
  5695 | D:7      | Identified the +6 glaive of Wealth {protect, +Blink rPois
                  | rF+ Dex-2}
  5874 | D:7      | Noticed an orc sorcerer
  5875 | D:7      | Noticed an orc sorcerer
  5887 | D:7      | Killed an orc sorcerer
  5891 | D:7      | Killed an orc sorcerer
  6308 | D:8      | Reached skill level 12 in Maces & Flails
  6308 | D:8      | Reached XP level 10. HP: 82/88 MP: 9/9
  6980 | D:9      | Reached skill level 13 in Maces & Flails
  7378 | D:9      | Reached ***** piety under Trog
  7670 | D:9      | Reached XP level 11. HP: 67/97 MP: 10/10
  7984 | D:9      | Found a staircase to the Lair.
  8124 | D:10     | Entered Level 10 of the Dungeon
  8218 | D:10     | Noticed a centaur warrior
  8225 | D:10     | Killed a centaur warrior
  8226 | D:10     | Reached skill level 14 in Maces & Flails
  8226 | D:10     | Reached skill level 10 in Armour
  8301 | D:10     | Reached skill level 10 in Fighting
  8521 | D:10     | Noticed Gastronok
  8545 | D:10     | Killed Gastronok
  8546 | D:10     | Reached skill level 5 in Shields
  8795 | D:11     | Noticed Lodul
  8810 | D:11     | Killed Lodul
  9014 | D:11     | Gained mutation: You occasionally lose the ability to read
                  | scrolls when taking damage. [a neqoxec]
  9425 | D:11     | Found a staircase to the Orcish Mines.
  9438 | D:11     | Reached skill level 15 in Maces & Flails
  9438 | D:11     | Reached XP level 12. HP: 97/110 MP: 11/11
  9864 | D:12     | Noticed Fannar
  9904 | D:12     | Killed Fannar
  9904 | D:12     | Received a gift from Trog
 10081 | D:12     | Noticed a two-headed ogre
 10088 | D:12     | Killed a two-headed ogre
 10391 | D:13     | Noticed an eight-headed hydra
 10402 | D:13     | Killed an eight-headed hydra
 10486 | D:13     | Noticed a centaur warrior
 10494 | D:13     | Killed a centaur warrior
 10551 | D:13     | Annihilated by an enormous slime creature

Illustrated notes

Levels and vault maps discovered:
D:1:      psy_arrival_fountain, layout_rooms
D:2:      kennysheep_big_flooded_room, layout_loops_ring,
          nicolae_ecumenical_pavilion, chequers_serial_rivers_large_b
D:3:      layout_loops_ring, serial_shops, shop, kennysheep_pointless_box,
          hex_medium, minmay_unequal, uniq_robin
D:4:      layout_loops_ring, gammafunk_temple_overflow_elements, st_stairs_2,
          palyth_stone_intersect
D:5:      layout_basic, minmay_temple_entry_offerings, serial_shops,
          kennysheep_mini, ebering_ghost_disaster_area,
          hangedman_minor_gate_pass
D:6:      layout_gridville, uniq_menkaure, uniq_edmund
D:7:      cheibrodos_wizards_tower, layout_cave_pools, uniq_pikel
D:8:      layout_rooms, minmay_increasing_density
D:9:      layout_long_grid, grunt_lair_entry_orc_guard_hut
D:10:     layout_rooms, uniq_gastronok
D:11:     layout_loops_corners, orc_0_dummy, uniq_lodul
D:12:     layout_roguey, uniq_fannar
D:13:     nicolae_cairo_tiling_large, layout_basic, minivault_12
Temple:   mainiacjoe_temple_big_plus

Skill      XL: |  1  2  3  4  5  6  7  8  9 10 11 12 |
---------------+-------------------------------------+-----
Maces & Flails | 4 5 6 7 9 10 12 13 15 | 15.7
Fighting       | 4 5 6 7 8 9 11 12 | 12.4
Armour         | 3 4 6 8 9 11 | 11.8
Dodging        | 3 4 5 6 7 8 |  8.3
Shields        | 1 2 3 4 5 6 |  6.5

Action                     |  1- 3 |  4- 6 |  7- 9 | 10-12 || total
---------------------------+-------+-------+-------+-------++-------
  Melee: Mace              |    38 |       |       |       ||    38
         Headbutt          |     6 |    18 |    32 |    80 ||   136
         Flail             |    14 |   133 |   106 |       ||   253
         Punch             |       |     2 |       |       ||     2
         Dire flail        |       |       |    95 |   360 ||   455
         Morningstar       |       |       |       |    47 ||    47
 Invoke: Berserk           |       |       |     2 |       ||     2
         Brothers in Arms  |       |       |     1 |       ||     1
    Use: Potion            |     1 |       |       |       ||     1
 Armour: Ring mail         |     3 |       |       |       ||     3
         Animal skin       |     2 |       |       |       ||     2
         Scale mail        |     3 |     1 |       |       ||     4
         Storm dragon scal |       |    42 |   103 |   169 ||   314
  Dodge: Dodged            |    40 |    77 |   167 |   254 ||   538
  Block: Other             |       |    20 |    60 |    98 ||   178
         Reflection        |       |       |     2 |     2 ||     4

Table legend: (Time is in decaauts)
 A = Elapsed time spent in this place.
 B = Non-inter-level travel time spent in this place.
 C = Inter-level travel time spent in this place.
 D = Time resting spent in this place.
 E = Time spent auto-exploring this place.
 F = Levels seen in this place.
 G = Mean time per level.
                   A        B        C        D        E       F      G
               +--------+--------+--------+--------+--------+-----+--------+
         Total |  10571 |  10290 |    281 |    359 |   8007 |  14 |  755.1 |
       Dungeon |  10155 |   9899 |    256 |    359 |   7622 |  13 |  781.2 |
        Temple |    416 |    391 |     25 |      0 |    385 |   1 |  416.0 |
               +--------+--------+--------+--------+--------+-----+--------+

Top non-repeatable levels by time:
     D:9: 1142 daAuts
     D:5: 1130 daAuts
    D:11: 1051 daAuts
     D:6: 1033 daAuts
     D:2: 818 daAuts
     D:4: 780 daAuts
     D:3: 767 daAuts
     D:7: 733 daAuts
     D:8: 655 daAuts
     D:1: 632 daAuts
    D:12: 630 daAuts
    D:10: 524 daAuts
  Temple: 416 daAuts
    D:13: 256 daAuts
